 Dungeon Crawl Stone Soup version 0.26.1-11-gd32895ea62 (webtiles) character file.

Game seed: 4807898488116101767

35 jlumianski the Caller (level 3, 0/14 HPs)
             Began as a Felid Summoner on May 28, 2021.
             Succumbed to an adder's poison
             ... on level 1 of the Dungeon.
             The game lasted 00:09:18 (1659 turns).

jlumianski the Caller (Felid Summoner)              Turns: 1659, Time: 00:09:19

Health: 0/14       AC:  1    Str:  4    XL:     3   Next: 17%
Magic:  5/7        EV: 18    Int: 17    God:
Gold:   82         SH:  0    Dex: 16    Spells: 4/7 levels left
                                        Lives:  0   Deaths: 0

rFire    . . .     SeeInvis +   (weapon unavailable)
rCold    . . .     Faith    .   (shield unavailable)
rNeg     . . .     Spirit   .   (armour unavailable)
rPois    .         Reflect  .   (helmet unavailable)
rElec    .         Harm     .   (cloak unavailable)
rCorr    .         Rampage  .   (gloves unavailable)
Will     .....                  (boots unavailable)
Stlth    +++.......             (no amulet)
HPRegen  0.04/turn              (no ring)
MPRegen  0.10/turn              (no ring)

@: lethally poisoned (0 -> -1), quick
A: very small, no armour, no weapons or thrown items, stealth, claws 1, fangs 3,
see invisible, speed 1, shaggy fur 1, sharp paws
a: no special abilities


You were on level 1 of the Dungeon.
You visited 1 branch of the dungeon, and saw 2 of its levels.

You collected 82 gold pieces.

Inventory:

Jewellery
 b - an uncursed ring of ice {unknown}
 e - an uncursed amulet of reflection {unknown}
Scrolls
 a - 3 scrolls of teleportation
 c - a scroll of blinking {unknown}


   Skills:
 + Level 2.6 Dodging
 + Level 2.9 Stealth
 + Level 2.5 Spellcasting
 + Level 4.6 Summonings


You had 4 spell levels left.
You knew the following spells:

 Your Spells              Type           Power        Failure   Level
a - Summon Small Mammal   Summ           72%          2%          1
b - Call Imp              Summ           18%          4%          2

Your spell library contained the following spells:

 Spells                   Type           Power        Failure   Level
 Call Canine Familiar     Summ           18%          9%          3
 Summon Guardian Golem    Hex/Summ       10%          22%         3
 Summon Ice Beast         Ice/Summ       10%          56%         4
 Summon Lightning Spire   Summ/Air       10%          56%         4


Dungeon Overview and Level Annotations

Branches:
Dungeon (2/15)

Altars:
Ru

Annotations:
D:2 Sigmund


Innate Abilities, Weirdness & Mutations

You cannot wear armour.
You are incapable of wielding weapons or throwing items.
Your paws allow you to move quietly. (Stealth)
You have sharp claws.
You have razor-sharp teeth.
You have supernaturally acute eyesight. (SInv)
You cover ground quickly.
You are covered in fur. (AC +1)
Your sharp claws are effective at attacking unaware monsters.


Message History

* * * LOW HITPOINT WARNING * * *
You feel sick.
You open the door.
Your quokka barely misses the goblin. x2
Your quokka bites the goblin.
The goblin dies!
There is an open door here.
* * * LOW HITPOINT WARNING * * *
You feel sick.
Your crimson imp disappears in a puff of smoke!
* * * LOW HITPOINT WARNING * * *
You feel sick.
There is a stone staircase leading up here.
You climb upwards.
Your summoned ally is left behind.
* * * LOW HITPOINT WARNING * * *
You feel sick.
There is a stone staircase leading down here.
You aren't carrying any potions.
* * * LOW HITPOINT WARNING * * *
You feel sick.
You die...

#.##......# #.. #.##......#
#.. #.#.......# ####..
#.#.......# #..... #########
#.#.###########.....
#.......###.#.####...##...##..
#.......#...#.............+...
#.......+.........####....###.
#.......#....@....# ##.......
#.......#.#######.### #....##.
#####.>...#.....#...###....##.
#######.....+.............
#<.8..#........#.##.
#.....+........#.##.
#.....#...####....#.
###'#+##...........#.
#.......###.###....#.


There were no monsters in sight!

Vanquished Creatures
  An adder (D:2)
  A leopard gecko (D:2)
  2 goblins
  2 hobgoblins (D:1)
  2 frilled lizards
  A rat (D:2)
9 creatures vanquished.

Vanquished Creatures (collateral kills)
  An adder (D:2)
  3 giant cockroaches
  3 goblins
  3 hobgoblins
  A quokka (D:2)
  A bat (D:2)
  3 frilled lizards (D:1)
  4 kobolds
  3 rats
22 creatures vanquished.

Grand Total: 31 creatures vanquished

Notes
Turn   | Place    | Note
-------+----------+-------------------------------------------
     0 | D:1      | jlumianski the Felid Summoner began the quest for the Orb.
     0 | D:1      | Reached XP level 1. HP: 7/7 MP: 4/4
   261 | D:1      | Reached XP level 2. HP: 8/11 MP: 1/6
   753 | D:1      | Learned a level 2 spell: Call Imp
  1112 | D:2      | Found a sacrificial altar of Ru.
  1276 | D:2      | Noticed Sigmund
  1619 | D:2      | Reached XP level 3. HP: 14/14 MP: 7/7
  1659 | D:1      | Succumbed to an adder's poison

Illustrated notes

Levels and vault maps discovered:
D:1:      minmay_arrival_solitary_statue, layout_basic, minmay_pentomino_t4
D:2:      layout_loops_corners, nicolae_ru_awakened_eye, uniq_sigmund,
          uniq_jessica

Action                   || total
-------------------------++-------
Melee: Unarmed           ||    33
       Bite              ||     3
 Cast: Summon Small Mamm ||    41
       Call Imp          ||    10
  Use: Scroll            ||     1
       Potion            ||     2
 Stab: Sleeping          ||     3
       Distracted        ||     1
Dodge: Dodged            ||    31
